 Dungeon Crawl Stone Soup version 0.17-a0-1092-gc664a5b (console) character file.

30 Monkaria the Skirmisher (level 3, 13/29 HPs)
             Began as a Demonspawn Chaos Knight on May 20, 2015.
             Quit the game on level 1 of the Dungeon.
             The game lasted 00:01:37 (767 turns).

Monkaria the Skirmisher (Demonspawn Chaos Knight)    Turns: 767, Time: 00:01:37

Health: 13/29      AC:  7    Str: 13    XL:     3   Next: 3%
Magic:  3/3        EV: 11    Int: 13    God:    Xom [.*....]
Gold:   22         SH:  0    Dex: 12    Spells: 0 memorised, 2 levels left

rFire  . . .     SeeInvis .     a - +0 falchion (chaos)
rCold  . . .     Clarity  .     b - +2 leather armour
rNeg   . . .     SustAb   .     (no shield)
rPois  .         Gourm    .     (no helmet)
rElec  .         Spirit   .     (no cloak)
rCorr  .         Warding  .     (no gloves)
rMut   .         Stasis   .     (no boots)
MR     .....                    (no amulet)
Stlth  +.........               (no ring)
                                (no ring)

@: not resistant to hostile enchantments, very unstealthy
A: claws 1, thin metallic scales 1
a: Renounce Religion


You were on level 1 of the Dungeon.
You worshipped Xom.
You were a plaything of Xom.
You were not hungry.

You visited 1 branch of the dungeon, and saw 1 of its levels.

You collected 22 gold pieces.

Inventory:

Hand weapons
 a - a +0 falchion of chaos (weapon)
Missiles
 h - 18 poisoned needles
Armour
 b - a +2 leather armour (worn)
Scrolls
 d - a scroll of fear {unknown}
 f - a scroll of enchant armour {unknown}
 g - a scroll of immolation {unknown}
 j - a scroll of identify {unknown}
Potions
 e - 2 potions of heal wounds {unknown}
 i - a potion of lignification {unknown}
 k - a potion of degeneration {unknown}
 l - 2 potions of curing {unknown}
Comestibles
 c - a bread ration
 m - a meat ration


   Skills:
 - Level 3.6 Fighting
 - Level 2.6 Long Blades
 - Level 1.7 Armour
 - Level 0.8 Dodging
 + Level 1.6 Unarmed Combat


You had 2 spell levels left.
You didn't know any spells.

Dungeon Overview and Level Annotations

Branches:
Dungeon (1/15)

Altars:


Innate Abilities, Weirdness & Mutations

You have sharp fingernails.
You are partially covered in thin metallic scales (AC +2).


Message History

The ooze is heavily wounded.
The ooze barely misses you.
You hit the ooze.
The ooze is severely wounded.
The ooze misses you.
You hit the ooze.
The ooze is severely wounded.
The ooze hits you. x2
You hit the ooze but do no damage.
The ooze is severely wounded.
The ooze hits you.
You hit the ooze.
You kill the ooze!
You have reached level 3!
Your experience leads to an increase in your attributes!
Increase (S)trength, (I)ntelligence, or (D)exterity?
You feel stronger.
Your demonic ancestry asserts itself...
Thin metallic scales grow over part of your body.
l - 2 grey potions (gained 1) Are you sure you want to abandon this character and quit the game? (Confirm with "yes".)

#...........#
#...........# ####
#........####
##..## ######'##
#.....
#....########<....
#...........##..##
#...........######
#......)....###...
#@..........##....
#...........##..##
#...........##..##
#...........##....
#...........###...
#####.......# ####
###...[## ####
.>..# ##... .####
#....


There were no monsters in sight!

Vanquished Creatures
  2 oozes (D:1)
  5 bats (D:1)
  4 goblins (D:1)
  2 hobgoblins (D:1)
  A jackal (D:1)
  2 kobolds (D:1)
  A quokka (D:1)
  2 giant newts (D:1)
  A rat (D:1)
20 creatures vanquished.

Vanquished Creatures (collateral kills)
  2 kobolds (D:1)
2 creatures vanquished.

Grand Total: 22 creatures vanquished

Notes
Turn   | Place    | Note
--------------------------------------------------------------
     0 | D:1      | Monkaria the Demonspawn Chaos Knight began the quest for the Orb.
     0 | D:1      | Reached XP level 1. HP: 18/18 MP: 1/1
     6 | D:1      | XOM: silly message
    47 | D:1      | XOM: summons friendly ufetubus
    49 | D:1      | XOM: colour smoke trail
   160 | D:1      | Gained mutation: You have sharp fingernails. [demonic ancestry]
   160 | D:1      | Reached XP level 2. HP: 16/24 MP: 2/2
   361 | D:1      | Reached skill level 1 in Unarmed Combat
   481 | D:1      | XOM: smoke on damage
   483 | D:1      | XOM: harmless Air miscast
   489 | D:1      | XOM: mild Air miscast
   529 | D:1      | XOM: mild Hex miscast
   750 | D:1      | XOM: mild Pois miscast
   761 | D:1      | Gained mutation: You are partially covered in thin metallic scales (AC +2). [demonic ancestry]
   761 | D:1      | Reached XP level 3. HP: 12/29 MP: 3/3
   767 | D:1      | Quit the game

Vault maps used:
D:1:      minmay_arrival_wavy_path

Action                   || total
-------------------------++-------
Melee: Falchion          ||    78
 Stab: Distracted        ||     1
